 Dungeon Crawl Stone Soup version 0.29.1-1-gd02db6906a (webtiles) character file.

Game seed: 5203349527750926066

5481 unlimited1921 the Thaumaturge (level 11, -1/68 HPs)
             Began as a Djinni Fire Elementalist on Sept 21, 2022.
             Was a Follower of Fedhas.
             Killed from afar by a swamp worm (13 damage)
             ... with a harpoon shot
             ... on level 8 of the Dungeon.
             The game lasted 00:43:33 (13037 turns).

unlimited1921 the Thaumaturge (DjFE)               Turns: 13037, Time: 00:43:34

Health: -1/68      AC:  7    Str:  7    XL:     11   Next: 0%
Gold:   373        EV: 12    Int: 21    God:    Fedhas [*.....] SH:  3 Dex: 14

rFire   + + .      SeeInvis .   v - +1 demon whip (venom)
rCold   x . .      Faith    .   F - +0 buckler
rNeg    + . .      Spirit   .   f - +0 leather armour
rPois   ∞          Reflect  .   b - +0 helmet
rElec   .          Harm     .   r - +0 cloak
rCorr   .          Rampage  .   c - +0 pair of gloves
Will    +....                   (boots unavailable)
Stlth   ++........              (no amulet)
HPRegen 0.21/turn               g - ring of positive energy
MPRegen 0.00/turn               (no ring)

@: flying
A: sickness immunity, fire resistance 2, cold vulnerability 1, float, innate
caster, HP casting, extra vitality 1
a: Renounce Religion


You were on level 8 of the Dungeon.
You worshipped Fedhas.
Fedhas was aware of your devotion.
You visited 1 branch of the dungeon, and saw 8 of its levels.

You collected 373 gold pieces.

Inventory:

Hand Weapons
 k - a +2 hand axe of venom
 v - a +1 demon whip of venom (weapon)
 y - a +3 dagger
 L - a +4 short sword
Missiles
 d - 74 stones
 l - 4 datura-tipped darts
 G - 13 poisoned darts
Armour
 b - a +0 helmet (worn)
 c - a +0 pair of gloves (worn)
 f - a +0 leather armour (worn)
 q - a +0 ring mail
 r - a +0 cloak (worn)
 s - a +1 robe of positive energy
 F - a +0 buckler (worn)
 M - a +2 robe of willpower
Jewellery
 g - a ring of positive energy (left hand)
 p - an amulet of faith
Wands
 z - a wand of iceblast (4) (quivered)
 E - a wand of charming (4)
Scrolls
 a - a scroll of vulnerability {unknown}
 h - 2 scrolls of enchant armour {unknown}
 i - a scroll of summoning {unknown}
 n - 3 scrolls of teleportation {unknown}
 o - 2 scrolls of magic mapping
 t - 2 scrolls of poison
 u - 3 scrolls of fear {unknown}
 A - 3 scrolls of noise {unknown}
 B - a scroll of butterflies {unknown}
 C - 4 scrolls of immolation
 I - 3 scrolls of identify
 J - a scroll of blinking {unknown}
Potions
 e - a potion of degeneration {unknown}
 j - 2 potions of brilliance
 m - 2 potions of might {unknown}
 w - a potion of lignification {unknown}
 x - a potion of curing {unknown}
 D - 2 potions of berserk rage {unknown}
 H - a potion of mutation {unknown}
 K - a potion of cancellation {unknown}


   Skills:
 + Level 1.8 Fighting
 + Level 4.8 Armour
 + Level 3.8 Dodging
 + Level 4.1 Stealth
 + Level 0.2 Shields
 + Level 10.7 Spellcasting
 + Level 2.2 Evocations


You had 6 spell levels left.
You knew the following spells:

 Your Spells              Type           Power      Damage    Failure   Level
a - Foxfire               Conj/Fire      100%       2x1d9     1%          1
b - Scorch                Fire           100%       2d10      1%          2
c - Conjure Flame         Conj/Fire      54%        6-21      1%          3
d - Inner Flame           Hex/Fire       54%        N/A       1%          3
e - Flame Wave            Conj/Fire      54%        2d13      1%          4
f - Freeze                Ice            100%       1d11      1%          1
g - Static Discharge      Conj/Air       54%        3-10/arc  1%          2
h - Blink                 Tloc           100%       N/A       1%          2
i - Frozen Ramparts       Ice            100%       1d16      1%          3
j - Petrify               Tmut/Erth      54%        N/A       1%          4
Your spell library was empty.

Dungeon Overview and Level Annotations

Branches:
Dungeon (8/15)             Temple (0/1) D:7            Lair (0/5) D:8

Altars:
Ashenzari
Dithmenos
Fedhas
Gozag
Nemelex Xobeh
Ru
Trog
Uskayaw
The Shining One

Shops:
D:3 *   D:4 [   D:6 :

Annotations:
D:8 3 runed translucent doors, Cheops's ghost, novice OpFE; Maggie


Innate Abilities, Weirdness & Mutations

You are immune to sickness and miasma.
You are immune to poison.
Your flesh is very heat resistant. (rF++)
You are vulnerable to cold. (rC-)
You float through the air rather than walking.
You learn spells naturally, not from books.
Your magical power is your life essence.
You have superior vitality. (+4 MHP)


Message History

The orc's fire resistance burns away.
The orc hits you with a +0 short sword.
Casting: Scorch (safe; 1% risk of failure)
Confirm with . or Enter, or press ? or * to list all spells.
Flames lash the orc.
The orc is burned terribly!
You kill the orc!
Fedhas appreciates your contribution to the ecosystem.
The orc wizard gestures at you while chanting.
The magic dart hits you.
Casting: Scorch (safe; 1% risk of failure)
Confirm with . or Enter, or press ? or * to list all spells.
Aiming: Inner Flame (safe; 1% risk of failure)
Press: ? - help, Dir - move target, f - orc wizard
Aim: an orc wizard, wielding a +0 dagger and wearing a +0 leather armour (chance to affect: 94%)
The orc wizard is filled with an inner flame.
Casting: Inner Flame (safe; 1% risk of failure)
Confirm with . or Enter, or press ? or * to list all spells.
You conjure some foxfire!
The swamp worm fires a harpoon shot at you.
The harpoon shot hits you.
You are yanked forward by the harpoon shot.
The orc wizard misses you. The swamp worm closely misses you.
Casting: Foxfire (safe; 1% risk of failure)
Confirm with . or Enter, or press ? or * to list all spells.
Aiming: Petrify (dangerous; 1% risk of failure)
Press: ? - help, Shift-Dir - straight line, f - swamp worm, p - orc wizard
Aim: a swamp worm (chance to affect: 80%)
The swamp worm is moving more slowly.
The foxfire hits the orc wizard.
Flame seeps out of the orc wizard.
The orc wizard is moderately wounded.
The foxfire hits the orc wizard.
Flame seeps out of the orc wizard.
The orc wizard is heavily wounded.
The orc wizard is engulfed in blazing flames.
Fedhas appreciates your contribution to the ecosystem.
The orc wizard explodes!
The fiery explosion engulfs you! You resist. The swamp worm bites you!!
* * * LOW HITPOINT WARNING * * *
The swamp worm fires a harpoon shot at you.
The harpoon shot hits you!
You die...
Fedhas appreciates your contribution to the ecosystem.

#..............##.#
#######.#........##.....#
#.^...............#.....#
#........................
#........§§§............)
#.......[§)§.........#...
###.......)§..[............
#........<#..w......)...#..
#.#.......@.......#.....##.
#.........#......###.... #.
...########......###.#.####
... #.[......[.#..... ..
#.....###...##... #######
##..##>.. #....... ##.#....
#......


You could see a swamp worm (petrifying).

Vanquished Creatures
  Gastronok (D:8)
  Amaemon (D:8)
  An orange demon (D:8)
  A shadow (D:8)
  A swamp worm (D:8)
  3 wargs (D:8)
  A water moccasin (D:7)
  3 orc warriors
  An ice beast (D:6)
  2 black bears
  2 sky beasts
  2 centaurs
  3 ogres
  A kobold brigand (D:6)
  2 bullfrogs (D:6)
  A necrophage (D:5)
  3 scorpions
  3 wights (D:8)
  4 killer bees
  4 howler monkeys (D:7)
  2 hounds
  5 orc priests
  3 jellies
  Jessica (D:3)
  An iguana (D:5)
  8 orc wizards
  6 adders
  2 river rats (D:4)
  4 shadow imps
  A white imp (D:6)
  An ufetubus (D:5)
  5 worms
  A dart slug (D:1)
  23 orcs
  3 bats
  10 endoplasms
  6 giant cockroaches
  4 goblins
  3 hobgoblins (D:2)
  4 jackals
  7 kobolds
  2 quokkas
  6 ball pythons
  2 frilled lizards
  8 rats
158 creatures vanquished.

Vanquished Creatures (others)
  493 foxfires
  4 plants (D:8)
497 creatures vanquished.

Grand Total: 655 creatures vanquished

Notes
Turn   | Place    | Note
-------+----------+-------------------------------------------
     0 | D:1      | unlimited1921 the Djinni Fire Elementalist began the quest
                  | for the Orb.
     0 | D:1      | unlimited1921 set off with the following spells memorised:
                  | Foxfire, Scorch, Conjure Flame, Inner Flame, Flame Wave.
     0 | D:1      | Reached XP level 1. HP: 15/15 MP: 0/0
   925 | D:1      | Reached XP level 2. HP: 18/21 MP: 0/0
  1517 | D:1      | Reached XP level 3. HP: 24/25 MP: 0/0
  1517 | D:1      | Learned a level 1 spell: Freeze
  1678 | D:1      | Reached skill level 3 in Spellcasting
  3175 | D:2      | Reached XP level 4. HP: 25/31 MP: 0/0
  4047 | D:3      | Found Ashrec's General Store.
  4466 | D:3      | Noticed Jessica
  4470 | D:3      | Killed Jessica
  4642 | D:3      | Found a broken altar of Ashenzari.
  5136 | D:3      | Found a hide-covered altar of Uskayaw.
  5217 | D:4      | Noticed a black bear
  5223 | D:4      | Killed a black bear
  5224 | D:4      | Reached skill level 1 in Armour
  5224 | D:4      | Reached XP level 5. HP: 12/35 MP: 0/0
  5224 | D:4      | Learned a level 2 spell: Static Discharge
  5278 | D:4      | Reached XP level 6. HP: 14/40 MP: 0/0
  5346 | D:4      | Reached skill level 4 in Spellcasting
  5741 | D:4      | Found Laczarch's Armour Shoppe.
  5768 | D:4      | Noticed an ogre
  5773 | D:4      | Killed an ogre
  6187 | D:4      | Reached XP level 7. HP: 43/45 MP: 0/0
  6187 | D:4      | Learned a level 2 spell: Blink
  6387 | D:5      | Entered Level 5 of the Dungeon
  7019 | D:5      | Reached skill level 5 in Spellcasting
  7152 | D:5      | Reached XP level 8. HP: 30/50 MP: 0/0
  8040 | D:6      | Reached skill level 6 in Spellcasting
  8558 | D:6      | Found a sacrificial altar of Ru.
  8559 | D:6      | Found a glowing golden altar of the Shining One.
  8585 | D:6      | Found Ruhitruw's Book Emporium.
  8661 | D:6      | Found a shadowy altar of Dithmenos.
  9191 | D:6      | Reached skill level 7 in Spellcasting
  9191 | D:6      | Reached XP level 9. HP: 52/56 MP: 0/0
  9191 | D:6      | Learned a level 3 spell: Frozen Ramparts
  9338 | D:6      | Found a sparkling altar of Nemelex Xobeh.
  9503 | D:6      | Found a bloodstained altar of Trog.
 10099 | D:7      | Reached skill level 8 in Spellcasting
 10613 | D:7      | Found a blossoming altar of Fedhas.
 10621 | D:7      | Became a worshipper of Fedhas Madash
 10625 | D:7      | Noticed an oklob plant
 10722 | D:7      | Found a staircase to the Ecumenical Temple.
 11290 | D:8      | Reached XP level 10. HP: 45/61 MP: 0/0
 11296 | D:8      | Reached skill level 9 in Spellcasting
 11516 | D:8      | Noticed Gastronok
 11609 | D:7      | Reached * piety under Fedhas
 11834 | D:8      | Noticed Amaemon
 11834 | D:8      | Noticed an orange demon
 11834 | D:8      | Found a runed translucent gate.
 11834 | D:8      | Found a runed translucent gate.
 11834 | D:8      | Found a runed translucent gate.
 11834 | D:8      | Found an opulent altar of Gozag.
 11973 | D:8      | Killed an orange demon
 11977 | D:8      | Killed Amaemon
 11978 | D:8      | Reached skill level 1 in Fighting
 11978 | D:8      | Reached skill level 10 in Spellcasting
 12274 | D:8      | Reached skill level 1 in Evocations
 12574 | D:8      | Noticed a five-headed hydra
 12591 | D:8      | Noticed Cheops's ghost (novice OpFE)
 12638 | D:8      | Found a staircase to the Lair.
 12739 | D:8      | Killed Gastronok
 12767 | D:8      | Noticed Maggie
 13023 | D:8      | Reached XP level 11. HP: 63/68 MP: 0/0
 13023 | D:8      | Learned a level 4 spell: Petrify
 13037 | D:8      | Killed from afar by a swamp worm

Illustrated notes

Levels and vault maps discovered:
D:1:      grunt_arrival_crossed_arrows, layout_loops_cross
D:2:      layout_basic, grunt_ministairs_11
D:3:      layout_rooms, cheibrodos_ashenzari_chains,
          gammafunk_temple_overflow_wave, serial_shops,
          nicolae_shop_advertising_works [nicolae_subvault_shop_adworks],
          uniq_jessica
D:4:      layout_cave_pools, lightli_sewer_entry_pipes, serial_shops, shop
D:5:      layout_basic
D:6:      layout_basic, nemelex_dance_club_becter,
          nicolae_dithmenos_the_darkroom, marbit_many_paths,
          nicolae_overflow_two_pavilions, serial_shops, shop,
          minmay_misc_feat_chi
D:7:      layout_basic, tgw_fedhas, minmay_temple_entry_mist,
          serial_bayou_crossing
D:8:      layout_rooms, erik_lair_orcish_takeover, ebering_ghost_gozag,
          worms_lemuel, uniq_gastronok, uniq_maggie, uniq_amaemon

Skill      XL: |  1  2  3  4  5  6  7  8  9 10 |
---------------+-------------------------------+-----
Spellcasting   | 3 4 5 7 8 10 | 10.7
Stealth        | 2 3 4 |  4.1
Armour         | 1 2 4 |  4.8
Dodging        | 3 |  3.8
Fighting       | 1 |  1.8
Evocations     | 2 |  2.2
Shields        | |  0.2

Action                   |  1- 3 |  4- 6 |  7- 9 | 10-12 || total
-------------------------+-------+-------+-------+-------++-------
 Cast: Foxfire           |    57 |    87 |   108 |    47 ||   299
       Scorch            |     3 |    16 |    55 |    15 ||    89
       Freeze            |     1 |       |       |     2 ||     3
       Inner Flame       |       |     3 |    28 |    10 ||    41
       Blink             |       |       |     2 |       ||     2
       Frozen Ramparts   |       |       |     3 |     4 ||     7
       Petrify           |       |       |       |     1 ||     1
Evoke: Wand              |       |       |       |     6 ||     6
  Use: Scroll            |       |       |     6 |     3 ||     9
       Potion            |       |       |     3 |     1 ||     4
Armor: Robe              |     1 |       |       |       ||     1
       Leather armour    |     6 |     1 |     2 |     8 ||    17
Dodge: Dodged            |    14 |     2 |    18 |    24 ||    58
Block: Buckler           |       |       |     1 |     4 ||     5
